 Dungeon Crawl Stone Soup version 0.30-a0-718-geaa24f58ff (webtiles) character file.

Game seed: 1490230901391229623

331 Shayle the Sneak (level 6, -5/38 HPs)
             Began as a Tengu Brigand on Jan 25, 2023.
             Was an Initiate of Kikubaaqudgha.
             Slain by Duvessa
             ... wielding a +1 short sword of speed
              (11 damage)
             ... on level 4 of the Dungeon.
             The game lasted 00:13:19 (2563 turns).

Shayle the Sneak (Tengu Brigand)                    Turns: 2563, Time: 00:13:19

Health: -5/38      AC:  3    Str: 11    XL:     6   Next: 52%
Magic:  19/19      EV: 15    Int: 14    God:    Kikubaaqudgha [......]
Gold:   368        SH:  0    Dex: 15    Spells: 10/10 levels left

rFire   . . .      SeeInvis .    p - +3 spear
rCold   . . .      Faith    .    (no shield)
rNeg    + . .      Spirit   .    b - +0 robe
rPois   .          Reflect  .    (helmet restricted)
rElec   .          Harm     .    c - +0 cloak
rCorr   .          Rampage  .    (no gloves)
Will    .....                    (boots unavailable)
Stlth   +++                      (no amulet)
HPRegen 0.26/turn                y - ring "Wekliroi" {rN+ MP+9}
MPRegen 0.16/turn                (no ring)

@: flying quickly and evasively, quick
A: beak, talons 3, nimble flight
a: Renounce Religion


You were on level 4 of the Dungeon.
You worshipped Kikubaaqudgha.
Kikubaaqudgha was noncommittal.
You visited 2 branches of the dungeon, and saw 5 of its levels.

You collected 368 gold pieces.

Inventory:

Hand Weapons
 a - a +2 dagger
 p - a +3 spear (weapon)
Missiles
 d - 9 poisoned darts
 e - a curare-tipped dart (quivered)
Armour
 b - a +0 robe (worn)
 c - a +0 cloak (worn)
Jewellery
 y - the ring "Wekliroi" (left hand) {rN+ MP+9}
   (You found it on level 4 of the Dungeon)

   [ring of magical power]

   rN:        It protects you from negative energy.
   MP:        It affects your magic capacity (+9).
Wands
 A - a wand of polymorph (5)
Scrolls
 f - a scroll of blinking {unknown}
 i - a scroll of amnesia {unknown}
 k - a scroll of poison {unknown}
 m - a scroll of vulnerability {unknown}
 n - 2 scrolls of enchant armour
 q - a scroll of fog {unknown}
 r - 2 scrolls of teleportation
 s - 2 scrolls of fear
 t - 3 scrolls of immolation {unknown}
 x - a scroll of enchant weapon {unknown}
Potions
 g - 3 potions of heal wounds
 h - 3 potions of haste
 j - 2 potions of lignification
 o - 2 potions of attraction
 v - 2 potions of brilliance {unknown}
 w - 3 potions of curing {unknown}
 z - a potion of mutation {unknown}


   Skills:
 + Level 3.7 Fighting
 - Level 2.1 Short Blades
 - Level 2.0 Throwing
 + Level 3.4 Dodging
 + Level 5.3 Stealth
 + Level 2.6 Spellcasting


You had 10 spell levels left.
You didn't know any spells.
Your spell library contained the following spells:

 Spells                   Type           Power      Damage    Failure   Level
 Beastly Appendage        Tmut           2%         N/A       22%         1
 Ensorcelled Hibernation  Hex/Ice        2%         N/A       34%         2
 Passwall                 Tmut/Erth      0%         N/A       34%         2
 Wereblood                Tmut           1%         N/A       34%         2
 Spider Form              Tmut/Pois      1%         N/A       56%         3
 Swiftness                Air            1%         N/A       56%         3


Dungeon Overview and Level Annotations

Branches:
Dungeon (4/15)             Temple (1/1) D:4

Altars:
Dithmenos
Fedhas
Kikubaaqudgha
Sif Muna
Uskayaw
Vehumet
Wu Jian
Xom
Zin
The Shining One

Annotations:
D:4 Dowan, Duvessa


Innate Abilities, Weirdness & Mutations

You have a beak for a mouth.
You have claws for feet.
Your magical nature lets you fly swiftly and evasively.


Message History

Duvessa is lightly wounded.
Duvessa hits you with a +1 short sword of speed!
Throw: 2 darts (curare)
Press: ? - help, Q - select action, (/) - cycle Shift-Dir - straight line, f/p - Duvessa
Aim: Duvessa, wielding a +1 short sword of speed and wearing a +0 ring mail (lightly wounded, very poisoned, slow, 68% to hit)
You throw a curare-tipped dart.
The curare-tipped dart barely misses Duvessa.
Duvessa barely misses you.
Reach: p) +3 spear
Press: ? - help, Dir - move target, f/p - Duvessa
Aim: Duvessa, wielding a +1 short sword of speed and wearing a +0 ring mail (moderately wounded, poisoned, slow, about 28% to evade your +3 spear)
You reach to attack!
You hit Duvessa but do no damage.
Duvessa is moderately wounded.
You barely miss Duvessa. Your kick misses Duvessa.
You peck Duvessa, but do no damage.
Duvessa is moderately wounded.
Duvessa misses you.
You hit Duvessa. You peck Duvessa, but do no damage.
Duvessa is moderately wounded.
Duvessa hits you with a +1 short sword of speed!
You closely miss Duvessa. Your kick misses Duvessa.
Duvessa is heavily wounded.
Duvessa hits you with a +1 short sword of speed.
You hit Duvessa.
Duvessa is heavily wounded.
Duvessa barely misses you.
You hit Duvessa but do no damage. Your kick misses Duvessa.
Duvessa is heavily wounded.
Duvessa hits you with a +1 short sword of speed.
You hit Duvessa. You claw Duvessa.
Duvessa is almost dead.
Duvessa looks more healthy.
Duvessa hits you with a +1 short sword of speed!
* * * LOW HITPOINT WARNING * * *
You hit Duvessa but do no damage. You claw Duvessa.
You peck Duvessa, but do no damage.
Duvessa is almost dead.
Duvessa hits you with a +1 short sword of speed!
You die...
Kikubaaqudgha rasps: "You have failed me!
Welcome... death!"

# #.# ########.# # #.#
#.# ######.### #.#
.........# #.#
######.#.# #.#
....#..[.##### #.#
.e......<....# #####.##
###.#....###.####......#
..........(...e@.....##
#.####............##.##
#. #.#..........##.#
#.##.##.##...##.#
###.##.##.##...##(#
#......##..)......#
#..#...#...####
#..........#
#.###..#...##..#


You could see Duvessa (slow).

Vanquished Creatures
  2 necrophages (D:4)
  A scorpion (D:4)
  A hound (D:3)
  3 gnolls
  2 adders
  A white imp (D:4)
  A worm (D:4)
  2 orcs (D:3)
  4 bats
  6 endoplasms
  3 giant cockroaches
  12 hobgoblins
  9 jackals (D:4)
  6 kobolds
  5 ball pythons
  A frilled lizard (D:2)
  5 goblins
  6 rats
70 creatures vanquished.

Vanquished Creatures (others)
  13 fungi
  4 toadstools (D:2)
17 creatures vanquished.

Grand Total: 87 creatures vanquished

Notes
Turn   | Place    | Note
-------+----------+-------------------------------------------
     0 | D:1      | Shayle the Tengu Brigand began the quest for the Orb.
     0 | D:1      | Reached XP level 1. HP: 12/12 MP: 2/2
   195 | D:1      | Reached XP level 2. HP: 15/17 MP: 3/3
   424 | D:1      | Reached XP level 3. HP: 22/22 MP: 5/5
   427 | D:1      | Reached skill level 1 in Spellcasting
   747 | D:2      | Found a hide-covered altar of Uskayaw.
  1063 | D:2      | Reached XP level 4. HP: 24/27 MP: 7/7
  1569 | D:3      | Found a shimmering altar of Xom.
  1890 | D:4      | Noticed Duvessa
  1890 | D:4      | Noticed Dowan
  1899 | D:3      | Gained mutation: Your magical nature lets you fly swiftly
                  | and evasively. [Tengu growth]
  1899 | D:3      | Reached XP level 5. HP: 25/32 MP: 8/8
  2027 | D:4      | Reached skill level 5 in Stealth
  2047 | D:4      | Reached XP level 6. HP: 18/37 MP: 10/10
  2055 | D:4      | Identified the ring "Wekliroi" {rN+ MP+9}
  2342 | D:4      | Found a staircase to the Ecumenical Temple.
  2353 | Temple   | Entered the Ecumenical Temple
  2359 | Temple   | Became a worshipper of Kikubaaqudgha
  2563 | D:4      | Slain by Duvessa

Illustrated notes

Levels and vault maps discovered:
D:1:      kennysheep_arrival_forest, layout_rooms
D:2:      layout_loops_ring, basic_altar, minmay_gold_behind_fungi
D:3:      layout_rooms, mainiacjoe_overflow_cross_hatched
D:4:      layout_loops_ring, minmay_temple_entry_poolview, minmay_checkerbox,
          uniq_duvessa
Temple:   eino_narrow_crystal_temple

Skill      XL: |  1  2  3  4  5 |
---------------+----------------+-----
Spellcasting   | 1 2 |  2.6
Dodging        | 2 3 |  3.4
Fighting       | 3 |  3.7
Stealth        | 5 |  5.3
Short Blades   | |  2.1
Throwing       | |  2.0

Action                     |  1- 3 |  4- 6 || total
---------------------------+-------+-------++-------
  Melee: Dagger            |    92 |       ||    92
         Kick              |    22 |    24 ||    46
         Peck              |     9 |    14 ||    23
         Spear             |       |   100 ||   100
  Throw: Dart              |     1 |     2 ||     3
    Use: Potion            |       |     1 ||     1
         Scroll            |       |     7 ||     7
   Stab: Sleeping          |     6 |     6 ||    12
 Armour: Robe              |    30 |    11 ||    41
  Dodge: Dodged            |    47 |    86 ||   133

Table legend: (Time is in decaauts)
 A = Elapsed time spent in this place.
 B = Non-inter-level travel time spent in this place.
 C = Inter-level travel time spent in this place.
 D = Time resting spent in this place.
 E = Time spent auto-exploring this place.
 F = Levels seen in this place.
 G = Mean time per level.
                   A        B        C        D        E       F      G
               +--------+--------+--------+--------+--------+-----+--------+
         Total |   2516 |   2442 |     74 |    151 |   1274 |   5 |  503.2 |
       Dungeon |   2504 |   2430 |     74 |    151 |   1274 |   4 |  626.0 |
        Temple |     11 |     11 |      0 |      0 |      0 |   1 |   11.0 |
               +--------+--------+--------+--------+--------+-----+--------+

Top non-repeatable levels by time:
     D:2: 733 daAuts
     D:1: 685 daAuts
     D:4: 597 daAuts
     D:3: 488 daAuts
  Temple: 11 daAuts
